AoeStats
← El Fantasma de Pancho Villa

Nomad

506519302Analyzed
4v4 RM · 19d ago on Sep 13, 2026· 39m 21s· 8 players
Game mode
Random Map
Map size
231×231
Population
200
Speed
Normal
Resources
Standard
Victory
Conquest
Starting age
Dark Age
Ending age
Imperial Age
RankedLock teamsTeams togetherTeam positionsShared explorationLock speedFull tech treeHidden civsTurbo modeCheats
Victory
Defeat
🇧🇷 Spanish · Brazil
1349
+7
🇧🇷 Ethiopians · Brazil
1235
+11
🇧🇷 Persians · Brazil
1145
+15
🇧🇷 Franks · Brazil
796
+28
🇲🇽 Persians · Mexico
1175
-18
🇺🇸 Hindustanis · United States
1114
-15
🇺🇸 Romans · United States
1102
-15
🇺🇸 Cumans · United States
1067
-13
ReliableSoap444
11:21 Loom
14:54 Feudal Age
23:49 Wheelbarrow
26:06 Castle Age
24:16 Double-Bit Axe
25:41 Gold Mining
27:53 Hand Cart
28:20 Stone Mining
28:59 Bow Saw
32:30 Pikeman
33:11 Squires
36:16 Horse Collar
El Fantasma de Pancho Villa
7:37 Loom
18:45 Feudal Age
20:32 Man-at-Arms
22:02 Scale Mail Armor
22:12 Forging
24:24 Forging
DaddyQuinn38
14:19 Feudal Age
15:31 Double-Bit Axe
20:06 Castle Age
22:20 Bloodlines
31:28 Gold Mining
Boywars
4:16 Loom
14:09 Feudal Age
18:36 Castle Age
18:02 Scale Barding Armor
19:07 Husbandry
21:32 Double-Bit Axe
28:43 Bow Saw
29:27 Fletching
29:57 Chain Barding Armor
32:38 Medium Warships
32:28 Crossbowman
38:24 Imperial Age
Scofiield
5:11 Loom
13:42 Feudal Age
14:28 Double-Bit Axe
18:30 Fletching
33:06 Fishing Lines
37:53 Gold Mining
40:43 Castle Age
Dunha
5:03 Loom
13:43 Feudal Age
18:07 Castle Age
16:52 Double-Bit Axe
16:48 Horse Collar
17:25 Gold Mining
18:27 Town Watch
18:33 Fletching
27:27 Husbandry
29:46 Padded Archer Armor
33:57 Wheelbarrow
35:17 Leather Archer Armor
T1r4no
5:09 Loom
14:18 Feudal Age
16:47 Fletching
20:21 Castle Age
18:22 Double-Bit Axe
18:48 Padded Archer Armor
21:08 Medium Warships
24:27 Bodkin Arrow
24:57 Forging
25:02 Leather Archer Armor
30:01 Bloodlines
33:47 Scale Barding Armor
34:51 Husbandry
40:03 Imperial Age
37:35 Fishing Lines
38:33 Iron Casting
38:46 Wheelbarrow
39:38 Stone Mining
39:39 Gold Mining
[MCC] Bacteria-Am
5:14 Loom
16:39 Feudal Age
19:43 Double-Bit Axe
20:59 Padded Archer Armor
20:50 Fletching
23:40 Castle Age
24:18 Scale Barding Armor
24:24 Forging
25:31 Chain Barding Armor
30:26 Wheelbarrow
Connection lost

Rejoining the realm…

Still unreachable

The connection could not be restored.

Session expired

The server has moved on; the page needs a fresh start.